AoeStats
← Promiskuitiv

Arabia

503685099Analyzed
1v1 RM · 1mo ago on Sep 1, 2026· 49m 26s· 2 players
Game mode
Random Map
Map size
Tiny (2 player)
Population
200
Speed
Normal
Resources
Standard
Victory
Conquest
Starting age
Dark Age
Ending age
Imperial Age
RankedLock teamsTeams togetherTeam positionsShared explorationLock speedFull tech treeHidden civsTurbo modeCheats
Victory
Defeat
🇩🇪 Poles · Germany
1663
+17
🇵🇪 Dravidians · Peru
1685
-17
Promiskuitiv
5:57 Loom
9:27 Feudal Age
9:59 Double-Bit Axe
10:25 Horse Collar
13:17 Wheelbarrow
18:09 Castle Age
17:34 Town Watch
19:15 Bow Saw
19:22 Hand Cart
19:31 Bloodlines
19:22 Husbandry
20:35 Husbandry
21:50 Crossbowman
23:27 Thumb Ring
24:14 Fletching
25:54 Bodkin Arrow
34:58 Imperial Age
33:18 Szlachta Privileges
33:25 Scale Barding Armor
33:30 Forging
33:54 Forging
34:07 Heavy Plow
35:33 Chain Barding Armor
36:15 Iron Casting
35:04 Cavalier
36:47 Conscription
37:25 Iron Casting
39:22 Blast Furnace
39:56 Crop Rotation
39:32 Scale Mail Armor
40:20 Ballistics
40:21 Bracer
40:21 Padded Archer Armor
40:02 Light Cavalry
41:23 Chain Mail Armor
41:45 Hoardings
41:31 Lechitic Legacy
41:21 Elite Obuch
41:57 Winged Hussar
42:24 Capped Ram
44:47 Plate Mail Armor
45:24 Chemistry
44:34 Masonry
44:35 Fortified Wall
44:07 Treadmill Crane
44:22 Murder Holes
44:52 Siege Ram
46:00 Town Patrol
48:05 Devotion
48:55 Siege Engineers
KoBa
8:00 Loom
10:26 Feudal Age
11:38 Double-Bit Axe
18:26 Castle Age
19:44 Forging
19:37 Squires
24:52 Wheelbarrow
25:22 Fletching
25:53 Town Watch
28:26 Bodkin Arrow
31:33 Imperial Age
30:06 Padded Archer Armor
30:06 Elite Skirmisher
32:18 Leather Archer Armor
34:50 Bracer
34:30 Pikeman
35:44 Halberdier
36:26 Scale Mail Armor
36:02 Elite Elephant Archer
38:14 Ballistics
38:55 Chemistry
39:26 Chain Mail Armor
40:00 Iron Casting
43:23 Plate Mail Armor
47:21 Thumb Ring
47:56 Man-at-Arms
48:22 Gambesons
Connection lost

Rejoining the realm…

Still unreachable

The connection could not be restored.

Session expired

The server has moved on; the page needs a fresh start.